 Dungeon Crawl Stone Soup version 0.22-a0-456-g11ed031 (webtiles) character file.

8574 nikopol the Thaumaturge (level 11, 0/54 (55) HPs)
             Began as a Deep Elf Fire Elementalist on June 7, 2018.
             Was a Follower of Vehumet.
             Slain by a white ugly thing (21 damage)
             ... in an ice cave.
             The game lasted 00:27:47 (9440 turns).

nikopol the Thaumaturge (DEFE)                      Turns: 9440, Time: 00:27:48

HP:   0/54 (55)     AC:  3    Str:  5    XL:     11   Next: 11%
MP:   2/29          EV: 14    Int: 28    God:    Vehumet [*.....]
Gold: 279           SH:  5    Dex: 11    Spells: 19/34 levels left

rFire    + . .     SeeInvis +   I - +6 long sword of Fear {slice, +Rage rElec rF+ Dex-4}
rCold    . . .     Gourm    +   A - +0 buckler
rNeg     . . .     Faith    .   r - +0 robe (curse)
rPois    .         Spirit   .   (no helmet)
rElec    +         Reflect  .   p - +0 cloak
rCorr    .         Harm     .   (no gloves)
MR       +....                  (no boots)
Stlth    +++.......             m - amulet of the gourmand
HPRegen  0.18/turn              y - ring of see invisible
MPRegen  0.21/turn              k - +4 ring of intelligence

@: no status effects
A: no striking features
a: Renounce Religion, Evoke Berserk Rage


You were in an ice cave.
You worshipped Vehumet.
Vehumet was aware of your devotion.
You were completely stuffed.

You visited 3 branches of the dungeon, and saw 11 of its levels.
You also visited: Ice Cave.

You collected 382 gold pieces.
You spent 103 gold pieces at shops.

Inventory:

Hand Weapons
 I - the +6 long sword of Fear (weapon) {slice, +Rage rElec rF+ Dex-4}
   (You found it on level 6 of the Dungeon)

   It inflicts extra damage upon your enemies.
   It affects your dexterity (-4).
   It protects you from fire.
   It insulates you from electricity.
   It lets you go berserk.
Armour
 a - a +0 robe
 p - a +0 cloak (worn)
 r - a cursed +0 robe (worn)
 A - a +0 buckler (worn)
Jewellery
 i - a cursed -2 ring of intelligence
 j - an uncursed ring of protection from cold
 k - a +4 ring of intelligence (right hand)
 m - an amulet of the gourmand (around neck)
 w - an uncursed ring of stealth {unknown}
 x - a +4 ring of strength {unknown}
 y - a ring of see invisible (left hand)
 G - a +3 ring of dexterity {unknown}
Wands
 t - a wand of iceblast (19)
 z - a wand of random effects (32)
 D - a wand of flame (34)
 F - a wand of digging (9)
Scrolls
 d - 4 scrolls of remove curse
 e - 2 scrolls of blinking {unknown}
 h - a scroll of random uselessness {unknown}
 l - 4 scrolls of fear {unknown}
 o - a scroll of enchant weapon {unknown}
 q - 4 scrolls of teleportation {unknown}
 u - 2 scrolls of magic mapping
 v - a scroll of fog {unknown}
 C - a scroll of immolation {unknown}
Potions
 f - 5 potions of heal wounds
 g - 2 potions of lignification
 n - 3 potions of curing
 s - 3 potions of agility
 B - a potion of berserk rage
 E - a potion of mutation {unknown}
Comestibles
 c - 16 rations
 H - 2 chunks of flesh


   Skills:
 + Level 0.5 Fighting
 + Level 4.9 Dodging
 + Level 4.4 Stealth
 + Level 4.4 Shields
 + Level 12.0 Spellcasting
 + Level 9.4 Conjurations
 + Level 10.9 Fire Magic


You had 19 spell levels left.
You knew the following spells:

 Your Spells              Type           Power        Failure   Level  Hunger
a - Flame Tongue          Conj/Fire      #####        1%          1    None
b - Throw Flame           Conj/Fire      ######       1%          2    None
c - Conjure Flame         Conj/Fire      ######..     1%          3    None
d - Sticky Flame          Conj/Fire      ######..     1%          4    None
e - Fireball              Conj/Fire      ######....   1%          5    ###....

Your spell library contained the following spells:

 Spells                   Type           Power        Failure   Level  Hunger
 Inner Flame              Hex/Fire       #####...     1%          3    None


Dungeon Overview and Level Annotations

Branches:
Dungeon (8/15)             Temple (1/1) D:7            Lair (2/6) D:8
  Swamp (0/4) Lair:2
  Snake: Lair:2-4    Spider: Lair:2-4

Altars:
Ashenzari
Cheibriados
Dithmenos
Elyvilon
Fedhas
Gozag
Hepliaklqana
Kikubaaqudgha
Makhleb
Nemelex Xobeh
Okawaru
Qazlal
Ru
Sif Muna
Trog
Uskayaw
Vehumet
Wu Jian
Xom
Yredelemnul
Zin
The Shining One

Shops:
D:5 *


Message History

Press: ? - help, Shift-Dir - straight line, p - ice beast The fireball explodes!
The fireball engulfs the white ugly thing.
The white ugly thing is moderately wounded.
The fireball engulfs the ice beast.
The ice beast melts!
You kill the ice beast!
Vehumet accepts your kill.
You feel your power returning.
The ice beast burns!
You block the ice beast's attack.
Casting: Fireball (safe; 1% risk of failure)
Confirm with . or Enter, or press ? or * to list all spells.
Aiming: Sticky Flame (safe; 1% risk of failure)
Press: ? - help, Shift-Dir - straight line, f - white ugly thing
Aim: a white ugly thing (moderately wounded)
The sticky flame hits the white ugly thing.
The white ugly thing is heavily wounded.
The white ugly thing is covered in liquid flames!
The ice beast burns!
The white ugly thing burns!
The white ugly thing bites you. The white ugly thing freezes you!!
You die...

####
####...##
##........
##.........
##..........
#.......8..(
#.Y.......[.
#.@u∩....[©)
#.........!.
#.......8..!
##..........
##.........
##........
####...##
####


You could see a white ugly thing (burning) and an ice beast (burning).

Vanquished Creatures
  2 two-headed ogres (D:8)
  The ghost of Nib the Skirmisher, a novice DrTm of Makhleb (D:7)
  A spiny frog (Lair:1)
  2 ice devils (Lair:2)
  A komodo dragon (Lair:1)
  Prince Ribbit (D:6)
  2 hippogriffs (Lair:1)
  Sigmund (D:6)
  6 yaks (Lair:1)
  A hungry ghost (D:7)
  4 water moccasins
  A sky beast (D:6)
  6 ice beasts
  A necrophage (D:5)
  A black bear (Lair:1)
  3 ogres (D:4)
  12 wolves
  2 centaurs
  4 crocodiles (Lair:1)
  3 bullfrogs
  A scorpion (D:7)
  2 water moccasin skeletons
  3 killer bees (D:7)
  A centaur skeleton (D:6)
  2 hounds
  Crazy Yiuf (D:2)
  2 orc priests
  A bullfrog skeleton (D:7)
  3 orc wizards
  Natasha (D:4)
  An iguana (D:5)
  4 worker ants
  6 gnolls
  7 adders
  3 shadow imps
  3 oozes
  4 worms
  3 dart slugs
  3 leopard geckos
  19 orcs
  5 giant cockroaches
  7 goblins
  4 hobgoblins
  5 jackals (D:1)
  6 kobolds
  2 quokkas (D:3)
  6 bats
  5 frilled lizards
  A giant cockroach zombie (D:5)
  2 quokka skeletons
  A quokka zombie (D:7)
  8 rats
177 creatures vanquished.

Vanquished Creatures (others)
  3 fungi (Lair:1)
  A plant (Lair:1)
4 creatures vanquished.

Grand Total: 181 creatures vanquished

Notes
Turn   | Place    | Note
-------+----------+-------------------------------------------
     0 | D:1      | nikopol the Deep Elf Fire Elementalist began the quest for the Orb.
     0 | D:1      | Reached XP level 1. HP: 10/10 MP: 6/6
   225 | D:1      | Reached XP level 2. HP: 15/15 MP: 4/8
   604 | D:2      | Reached XP level 3. HP: 19/19 MP: 6/10
   608 | D:2      | Learned a level 2 spell: Throw Flame
   612 | D:2      | Learned a level 3 spell: Conjure Flame
   945 | D:3      | Reached skill level 4 in Spellcasting
   945 | D:3      | Reached XP level 4. HP: 20/24 MP: 3/12
  1174 | D:2      | Found a runed door.
  1178 | D:2      | Noticed Crazy Yiuf
  1183 | D:2      | Killed Crazy Yiuf
  1460 | D:3      | Reached XP level 5. HP: 28/28 MP: 0/14
  1469 | D:3      | Learned a level 4 spell: Sticky Flame
  1697 | D:3      | Reached skill level 5 in Fire Magic
  2250 | D:4      | Noticed an ogre
  2254 | D:3      | Reached skill level 5 in Spellcasting
  2480 | D:4      | Noticed an ogre
  2487 | D:4      | Killed an ogre
  2487 | D:4      | Reached XP level 6. HP: 32/32 MP: 6/16
  2494 | D:4      | Learned a level 5 spell: Fireball
  2576 | D:4      | Found a shattered altar of Ashenzari.
  2580 | D:4      | Found a shadowy altar of Dithmenos.
  2605 | D:4      | Reached skill level 6 in Spellcasting
  2605 | D:4      | Reached XP level 7. HP: 36/36 MP: 6/18
  3401 | D:4      | Noticed Natasha
  3404 | D:4      | Killed Natasha
  3482 | D:5      | Entered Level 5 of the Dungeon
  3558 | D:5      | Found Cuizag's General Store.
  3566 | D:5      | Bought a scroll of magic mapping for 45 gold pieces
  3566 | D:5      | Bought a +0 buckler for 58 gold pieces
  3667 | D:5      | Reached skill level 7 in Spellcasting
  3932 | D:5      | Found a radiant altar of Vehumet.
  4068 | D:5      | Found a snail-covered altar of Cheibriados.
  4289 | D:6      | Reached skill level 5 in Conjurations
  4289 | D:6      | Reached XP level 8. HP: 22/41 MP: 9/21
  4864 | D:6      | Noticed Sigmund
  4875 | D:6      | Killed Sigmund
  4875 | D:6      | Reached skill level 8 in Spellcasting
  5049 | D:6      | Reached skill level 1 in Shields
  5130 | D:6      | Noticed Prince Ribbit
  5139 | D:6      | Killed Prince Ribbit
  5220 | D:7      | Found a white marble altar of Elyvilon.
  5222 | D:7      | Noticed Nib's ghost (novice DrTm)
  5364 | D:7      | Reached skill level 9 in Spellcasting
  5677 | D:7      | Found a staircase to the Ecumenical Temple.
  5683 | Temple   | Entered the Ecumenical Temple
  5849 | Temple   | Became a worshipper of Vehumet
  6085 | D:7      | Reached XP level 9. HP: 28/45 MP: 16/24
  6187 | D:7      | Killed Nib's ghost
  6949 | D:8      | Noticed a two-headed ogre
  6960 | D:8      | Killed a two-headed ogre
  6960 | D:8      | Reached skill level 10 in Spellcasting
  7169 | D:6      | Got a jewelled long sword
  7170 | D:6      | Identified the +6 long sword of Fear {slice, +Rage rElec rF+ Dex-4} (You found it on level 6 of the Dungeon)
  7223 | D:8      | Noticed a two-headed ogre
  7229 | D:8      | Killed a two-headed ogre
  7229 | D:8      | Reached XP level 10. HP: 50/50 MP: 16/26
  7568 | D:8      | Found a staircase to the Lair.
  7868 | Lair:1   | Entered Level 1 of the Lair of Beasts
  8117 | Lair:1   | Reached skill level 11 in Spellcasting
  8434 | Lair:1   | Noticed a spiny frog
  8439 | Lair:1   | Killed a spiny frog
  8607 | Lair:1   | Reached * piety under Vehumet
  8607 | Lair:1   | Offered knowledge of Sting by Vehumet.
  8692 | Lair:1   | Reached skill level 10 in Fire Magic
  9386 | Lair:2   | Found a frozen archway.
  9392 | Lair:2   | Reached XP level 11. HP: 53/54 MP: 14/28
  9430 | IceCv    | Entered an ice cave
  9430 | IceCv    | Noticed a white ugly thing
  9437 | IceCv    | Reached skill level 12 in Spellcasting
  9440 | IceCv    | Slain by a white ugly thing

Vault maps used:
D:1:      tarquinn_simple_flora_water_f
D:2:      uniq_crazy_yiuf_cottage
D:3:      mrwooster_statue_mirror, minmay_fountain_box
D:4:      nicolae_overflow_hidden_temple, uniq_natasha
D:5:      lemuel_coloured_pillars_altar, first_ration, serial_shops,
          shop_statue, minmay_hedge_maze, lemuel_statue_altar
D:6:      uniq_prince_ribbit1, uniq_sigmund
D:7:      elyvilon_altar_5, temple_green, grunt_tough_drop
D:8:      lair_entry_dummy
Temple:   dpeg_five_rooms_temple
Lair:1:   st_stairs_12, beast_lair_carwin_3, grunt_megastairs_2
Lair:2:   swamp_mist_pool, portal_ice_cave_demonic_guard, basic_altar
IceCv:    ice_cave_statue_garden_transporter

Skill      XL: |  1  2  3  4  5  6  7  8  9 10 11 |
---------------+----------------------------------+-----
Fire Magic     | 4 5 6 7 9 10 | 10.9
Spellcasting   | 4 5 6 7 9 10 11 12 | 12.0
Conjurations   | 2 3 5 6 7 9 |  9.4
Stealth        | 3 4 |  4.4
Dodging        | 3 4 |  4.9
Shields        | 2 4 |  4.4
Fighting       | |  0.5

Action                   |  1- 3 |  4- 6 |  7- 9 | 10-12 || total
-------------------------+-------+-------+-------+-------++-------
 Cast: Flame Tongue      |    48 |    93 |   117 |    80 ||   338
       Conjure Flame     |       |     3 |     2 |     8 ||    13
       Throw Flame       |       |     5 |    24 |     5 ||    34
       Sticky Flame      |       |     1 |    24 |    16 ||    41
       Fireball          |       |       |     3 |    12 ||    15
  Use: Scroll            |       |       |       |     7 ||     7
  Eat: Chunk             |       |     5 |    27 |     8 ||    40
Armor: Robe              |     3 |     1 |     5 |     2 ||    11
Dodge: Dodged            |    11 |     5 |    30 |    11 ||    57
Block: Buckler           |       |       |     7 |     6 ||    13
       Rpst.: Long sword |       |       |       |     2 ||     2

Table legend:
 A = Spawn XP
 B = Non-spawn XP
 C = Spawn XP percentage of total XP
 D = Spawn monster count
 E = Non-spawn monster count
 F = Spawn count percentage of total count
 G = Total turns spent on level
                    A         B        C        D         E        F      G
               +---------+---------+-------+---------+---------+-------+---------
         Total |       0 |   12249 |   0.0 |       0 |     177 |   0.0 |  9440
               +---------+---------+-------+---------+---------+-------+---------
           D:1 |       0 |      35 |   0.0 |       0 |      21 |   0.0 |   519
           D:2 |       0 |      62 |   0.0 |       0 |      11 |   0.0 |   720
           D:3 |       0 |     230 |   0.0 |       0 |      35 |   0.0 |  1157
           D:4 |       0 |     626 |   0.0 |       0 |      23 |   0.0 |  1086
           D:5 |       0 |     452 |   0.0 |       0 |      13 |   0.0 |   786
           D:6 |       0 |    1042 |   0.0 |       0 |      12 |   0.0 |  1103
           D:7 |       0 |    1619 |   0.0 |       0 |      18 |   0.0 |  1307
           D:8 |       0 |    1805 |   0.0 |       0 |       5 |   0.0 |   990
        Lair:1 |       0 |    4687 |   0.0 |       0 |      29 |   0.0 |  1415
        Lair:2 |       0 |    1045 |   0.0 |       0 |       5 |   0.0 |   147
         IceCv |       0 |     646 |   0.0 |       0 |       5 |   0.0 |    10
               +---------+---------+-------+---------+---------+-------+---------
